Map: Ciudad Esmeralda EE

Players

dafayceee

  • Race: Protoss Protoss
  • League: Silver
  • Spawn Location: 5:00

Dwayne

  • Race: Protoss Protoss
  • Spawn Location: 5:00

tigro

  • Race: Terran Terran
  • League: Bronze
  • Spawn Location: 11:00

MrFercho

  • Race: Zerg Zerg
  • League: Silver
  • Spawn Location: 11:00

VOD

Have the link to the VOD?

Description

Time

  • Played on: July 10, 2020, 10:29 p.m.
  • Length: 13:09
Show
View Real Time Build Order
Export as new Build Order

dafayceee Protoss 

Build Orders: Carriers, Carrier Rush 

Get SALT Encoding   

  12  0:01  Probe  
  13  0:17  Pylon  
  13  0:25  Probe  
  14  0:36  Gateway  
  14  0:37  Probe  
  15  0:43  Assimilator  
  15  0:47  Probe  
  15  0:48  Assimilator  
  15  0:55  Probe  
  17  1:04  Probe  
  18  1:12  Probe  
  19  1:20  Probe  
  20  1:25  Cybernetics Core  
  20  1:32  Probe  
  21  1:44  Probe  
  22  1:56  Probe  
  23  2:02  Pylon  
  23  2:04  Stargate  
  23  2:20  Probe  
  24  2:32  Probe  
  25  2:50  Fleet Beacon  
  25  3:02  Probe  
  26  3:09  Nexus  
  26  3:10  Probe  
  26  3:15  Assimilator  
  26  3:19  Assimilator, Probe  
  28  3:29  Pylon  
  28  3:31  Probe  
  28  3:33  Carrier  
  35  4:00  Pylon, Probe  
  36  4:12  Probe  
  37  4:23  Probe  
  38  4:24  Probe  
  38  4:25  Carrier  
  39  4:35  Probe  
  39  4:36  Probe  
  47  4:46  Anion Pulse-Crystals  
  47  4:47  Probe  
  47  4:48  Probe  
  49  4:59  Probe  
  50  5:00  Probe  
  50  5:02  Protoss Air Weapons Level 1  
  51  5:11  Probe  
  51  5:12  Probe  
  51  5:13  Pylon  
  53  5:17  Pylon  
  53  5:19  Pylon  
  53  5:20  Carrier  
  53  5:23  Probe  
  60  5:35  Probe  
  61  5:47  Stargate x2  
  61  5:48  Probe  
  61  5:49  Stargate  
  62  6:09  Forge  
  62  6:14  Carrier  
  62  6:21  Probe  
  69  6:27  Assimilator  
  69  6:32  Assimilator, Pylon  
  69  6:33  Carrier  
  69  6:34  Pylon  
  69  6:37  Pylon  
  69  6:40  Pylon  
  69  6:45  Pylon  
  75  6:55  Probe  
  76  7:03  Carrier  
  76  7:08  Probe  
  83  7:16  Carrier  
  83  7:20  Probe  
  90  7:32  Probe  
  92  7:44  Probe  
  92  7:51  Probe  
  93  7:52  Nexus  
  93  7:56  Probe  
  93  7:58  Carrier  
  100  8:03  Probe  
  101  8:08  Probe  
  102  8:15  Probe  
  99  8:20  Probe  
  99  8:27  Probe  
  99  8:32  Probe  
  84  8:39  Probe  
  83  8:49  Carrier x3  
  83  8:52  Probe  
  83  8:54  Probe  
  103  9:12  Probe  
  103  9:16  Probe  
  104  9:20  Probe  
  105  9:24  Probe  
  105  9:30  Probe  
  107  9:34  Probe  
  109  9:42  Probe  
  110  9:46  Probe  
  111  9:54  Probe  
  112  12:11  Probe  
  113  12:16  Nexus  
  113  12:23  Probe  
  108  12:35  Probe  
  103  12:47  Probe  
Show
View Real Time Build Order
Export as new Build Order

Dwayne Protoss 

Build Orders: Cannon Rush 

Get SALT Encoding   

  12  0:21  Pylon  
  12  0:34  Probe  
  13  0:46  Forge, Probe  
  14  0:54  Probe  
  14  0:58  Assimilator  
  14  1:02  Probe  
  15  1:10  Gateway  
  16  1:13  Probe  
  17  1:24  Photon Cannon  
  17  1:33  Photon Cannon  
  17  1:41  Photon Cannon  
  17  1:51  Photon Cannon  
  17  2:01  Pylon  
  17  2:11  Probe  
  17  2:12  Assimilator  
  18  2:19  Probe  
  18  2:28  Probe  
  19  2:31  Cybernetics Core  
  20  2:41  Probe  
  21  2:53  Probe  
  22  3:05  Probe  
  23  3:11  Stargate  
  23  3:17  Probe  
  24  3:22  Assimilator  
  24  3:29  Robotics Facility  
  24  3:39  Nexus  
  24  4:26  Void Ray  
  28  4:31  Pylon  
  28  4:33  Pylon  
  28  4:37  Pylon  
  28  4:41  Pylon  
  28  4:44  Pylon  
  28  4:47  Pylon  
  28  4:48  Observer  
  29  4:54  Probe  
  30  5:01  Probe  
  30  5:02  Probe  
  32  5:09  Phoenix, Probe  
  32  5:11  Probe  
  35  5:19  Probe  
  36  5:24  Assimilator, Probe  
  38  5:30  Probe  
  38  5:32  Probe  
  39  5:38  Probe  
  39  5:40  Probe  
  41  5:48  Probe  
  42  5:50  Probe  
  42  5:54  Photon Cannon  
  44  6:00  Probe  
  44  6:01  Photon Cannon  
  44  6:02  Probe  
  46  6:12  Probe  
  46  6:14  Probe  
  48  6:19  Assimilator  
  48  6:24  Pylon  
  48  6:30  Assimilator  
  48  6:33  Nexus  
  48  6:39  Probe  
  49  6:47  Photon Cannon  
  49  6:50  Photon Cannon  
  49  6:51  Probe  
  50  6:59  Probe  
  51  7:02  Void Ray  
  51  7:03  Probe  
  56  7:11  Stargate  
  56  7:15  Probe  
  57  7:17  Photon Cannon  
  57  7:20  Robotics Facility  
  57  7:26  Probe  
  58  7:34  Probe  
  58  7:39  Protoss Air Weapons Level 1  
  58  7:42  Probe  
  59  7:49  Probe  
  60  7:53  Probe  
  60  7:57  Probe  
  63  8:06  Probe x2  
  59  8:48  Void Ray x2  
  59  9:08  Immortal  
  63  9:21  Void Ray, Probe  
  64  9:30  Void Ray  
  72  9:32  Immortal  
  72  9:33  Probe  
  78  9:45  Probe  
  78  9:47  Protoss Air Armor Level 1  
  78  9:51  Nexus  
  78  9:57  Probe  
  79  10:02  Immortal  
  79  10:03  Void Ray  
  87  10:13  Void Ray  
  91  10:57  Pylon  
  91  10:59  Pylon  
  91  11:01  Pylon  
  91  11:02  Void Ray x2  
  91  11:03  Pylon  
  99  11:07  Pylon  
  99  11:10  Pylon  
  99  11:12  Pylon  
  99  11:45  Void Ray  
  103  11:47  Stargate  
  103  12:14  Pylon x2  
  115  12:52  Probe  
  116  13:01  Photon Cannon  
  116  13:03  Photon Cannon  
  116  13:09  Photon Cannon  
Show
View Real Time Build Order
Export as new Build Order

tigro Terran 

Build Orders:  

Get SALT Encoding   

  12  0:02  SCV  
  13  0:20  SCV  
  14  0:32  SCV  
  15  0:38  Supply Depot  
  15  0:47  Refinery  
  15  1:00  SCV  
  15  1:02  Supply Depot  
  16  1:04  Barracks  
  16  1:18  SCV  
  17  1:26  Refinery  
  17  1:30  SCV  
  18  1:42  SCV  
  19  1:51  Marine  
  21  1:54  SCV  
  21  2:04  Factory  
  21  2:06  SCV  
  22  2:09  Marine  
  23  2:18  SCV  
  24  2:22  Engineering Bay  
  24  2:27  Marine  
  25  2:30  SCV  
  26  2:45  Marine  
  26  2:47  Orbital Command  
  26  2:49  Barracks  
  26  2:51  Factory Tech Lab  
  27  3:03  Marine  
  28  3:13  Siege Tank  
  31  3:23  Barracks Reactor  
  31  3:36  Barracks Tech Lab  
  31  3:40  Starport  
  31  4:02  Command Center  
  31  4:19  Medivac, Starport  
  31  4:22  Combat Shield  
  33  4:59  Missile Turret  
  33  5:03  Terran Infantry Weapons Level 1  
  33  5:10  Starport Tech Lab  
  33  5:11  Starport Tech Lab  
  33  5:16  Refinery  
  33  5:17  Marine x3  
  37  5:21  SCV  
  37  5:22  Missile Turret  
  37  5:33  SCV  
  38  5:41  Stimpack, Siege Tank  
  41  5:45  SCV  
  41  5:48  Missile Turret  
  42  6:03  Refinery  
  42  6:09  SCV  
  43  6:20  Missile Turret  
  43  6:21  SCV  
  44  6:34  SCV  
  45  6:42  Missile Turret  
  45  6:46  SCV  
  46  6:47  Armory  
  46  6:57  Terran Infantry Armor Level 1  
  46  6:58  SCV  
  47  7:05  Medivac  
  47  7:07  Marine x3  
  52  7:10  SCV  
  53  7:22  SCV  
  54  7:24  Supply Depot  
  54  7:25  Marine x3  
  57  7:34  SCV  
  58  7:43  Marine x3  
  61  7:47  Supply Depot  
  61  8:01  Marine x3  
  61  8:52  Hi-Sec Auto Tracking  
  43  9:41  SCV  
  44  9:53  SCV  
  44  9:56  Missile Turret  
  44  9:57  Marine x3  
  48  10:05  SCV  
  49  10:15  Marine x3, Missile Turret  
  49  10:18  SCV  
  51  10:23  Medivac  
  51  10:24  Medivac  
  54  10:30  SCV  
  54  10:33  Marine x3  
  54  10:35  Missile Turret  
  58  10:36  Fusion Core  
  58  10:50  Marine  
  58  10:51  Marine x2  
  58  10:55  Missile Turret  
  55  11:03  Medivac  
  55  11:04  Medivac  
  59  11:08  Marine x2  
  59  11:09  Marine  
  52  11:26  Marine x3  
  52  11:27  Missile Turret  
  52  11:30  Thor  
  61  11:33  Viking  
  61  11:34  Viking  
  65  11:44  Marine x3  
  65  11:46  Missile Turret  
  61  12:02  Marine x3  
  61  12:03  Viking x2  
  61  12:06  Missile Turret  
  65  12:19  Marine  
  65  12:20  Marine x2  
  61  12:29  Missile Turret  
  61  12:33  Viking x2  
  57  12:37  Marine  
  57  12:38  Marine x2  
Show
View Real Time Build Order
Export as new Build Order

MrFercho Zerg 

Build Orders: Hatch First 

Get SALT Encoding   

  12  0:01  Drone  
  13  0:21  Overlord  
  13  0:22  Drone  
  14  0:39  Drone x2  
  16  0:43  Drone  
  17  0:59  Hatchery  
  17  1:02  Drone  
  17  1:04  Drone  
  18  1:15  Drone  
  19  1:22  Extractor  
  18  1:30  Spawning Pool, Drone  
  18  1:39  Drone  
  19  1:48  Drone  
  20  2:04  Drone  
  21  2:09  Overlord  
  21  2:14  Drone  
  22  2:17  Queen x2  
  22  2:19  Drone  
  22  2:22  Drone  
  28  2:36  Metabolic Boost  
  28  2:38  Drone x2  
  28  2:41  Drone  
  31  2:46  Drone  
  32  2:52  Drone  
  33  2:59  Overlord  
  33  3:04  Drone  
  34  3:08  Hatchery  
  34  3:10  Drone  
  34  3:14  Drone  
  34  3:16  Drone  
  36  3:30  Lair  
  36  3:34  Drone x7  
  37  3:41  Extractor  
  42  3:43  Extractor  
  42  3:47  Evolution Chamber  
  40  3:50  Evolution Chamber  
  40  3:55  Zergling x8  
  43  4:01  Drone  
  43  4:02  Overlord x3  
  44  4:22  Drone x3  
  44  4:23  Queen, Drone x2  
  51  4:35  Zerg Melee Weapons Level 1, Zerg Missile Weapons Level 1  
  51  4:46  Drone x4  
  51  4:47  Drone  
  56  4:57  Baneling Nest  
  55  5:11  Hatchery  
  55  5:13  Drone x3  
  57  5:31  Hydralisk Den, Drone  
  57  5:40  Extractor, Hatchery  
  55  5:43  Zergling x28  
  69  5:50  Drone x3  
  69  5:52  Drone  
  73  6:07  Overlord x5  
  73  6:08  Overlord  
  73  6:23  Baneling x15  
  73  6:30  Centrifical Hooks  
  73  6:48  Hydralisk x8  
  73  6:49  Hydralisk x2  
  93  7:12  Drone x12  
  105  7:16  Extractor  
  105  7:19  Extractor  
  103  7:31  Grooved Spines  
  103  7:35  Lurker Den  
  102  8:16  Hydralisk  
  102  8:17  Hydralisk x11  
  103  8:36  Hydralisk x2  
  103  8:37  Hydralisk x2  
  96  8:43  Muscular Augments  
  96  9:02  Hydralisk x6  
  96  9:03  Hydralisk  
  96  9:08  Extractor  
  109  9:10  Extractor, Drone x8  
  116  9:29  Spire  
  115  9:34  Drone x10  
  115  9:36  Infestation Pit  
  124  9:42  Drone  
  124  9:43  Drone  
  124  9:45  Overlord x2  
  126  9:58  Hydralisk x4  
  126  9:59  Hydralisk x2  
  124  10:12  Spore Crawler  
  89  10:28  Hydralisk x13  
  82  10:29  Hydralisk  
  97  10:50  Hydralisk x5  
  97  10:51  Hydralisk x2  
  73  11:04  Hydralisk  
  73  11:05  Hydralisk x5  
  79  11:13  Hydralisk x2  
  30  12:11  Corruptor x7  
Tags
 
Add a new tag
Caveats
  • Supply blocks, unpowered buildings, or Contaminate may cause inaccurate times.
  • Supply counts are checked every 10 seconds.